 Dungeon Crawl Stone Soup version 0.31.0-9-g3a7656b989 (webtiles) character file.

Game seed: 5530671905784406649

148 qw the Ducker (level 5, -1/26 HPs)
             Began as a Spriggan Hunter on Feb 2, 2024.
             Slain by an orc
             ... wielding a +0 trident
              (8 damage)
             ... on level 4 of the Dungeon.
             The game lasted 00:00:07 (2161 turns).

qw the Ducker (Spriggan Hunter)                     Turns: 2161, Time: 00:00:07

Health: -1/26      AC:  2    Str:  7    XL:     5   Next: 8%
Magic:  6/6        EV: 20    Int: 11    God:
Gold:   192        SH:  0    Dex: 20    Spells: 4/4 levels left

rFire   . . .        a - +0 shortbow
rCold   . . .        (shield currently unavailable)
rNeg    . . .        c - +0 robe
rPois   .            (helmet restricted)
rElec   .            (no cloak)
rCorr   .            (gloves unavailable)
SInv    +            (boots unavailable)
Will    .....        (no amulet)
Stlth   ++           (no ring)
HPRegen 0.24/turn    (no ring)
MPRegen 0.10/turn

%: no passive effects
@: very quick
A: very small, no large weapons, unfitting armour, see invisible, speed 3
a: no special abilities


You were on level 4 of the Dungeon.
You visited 1 branch of the dungeon, and saw 4 of its levels.

You collected 192 gold pieces.


Innate Abilities, Weirdness & Mutations

You are very small and have problems with some larger weapons.
You are too small for most types of armour.
You have supernaturally acute eyesight. (SInv)
You cover ground extremely quickly. (Speed+++)


   Skills:
 + Level 1.8 Fighting
 - Level 5.0 Ranged Weapons
 - Level 5.5 Dodging
 - Level 1.5 Stealth


You had 4 spell levels left.
You didn't know any spells.
Your spell library was empty.

Inventory:

Hand Weapons
 a - a +0 shortbow (weapon)
Armour
 c - a +0 robe (worn)
Scrolls
 f - a scroll of identify
Potions
 b - 2 potions of cancellation
 d - 3 potions of curing
 e - a potion of haste {unknown}
 g - a potion of invisibility {unknown}
 h - a potion of berserk rage {unknown}
 i - 2 potions of enlightenment

Dungeon Overview and Level Annotations

Branches:
Dungeon (4/15)
 Temple: D:4-7

Altars:
Qazlal

Shops:
D:1 =


Message History

You shoot an arrow. The arrow barely misses the adder.
The orc shouts!
The adder bites you.
You shoot an arrow. The arrow hits the adder!
The adder is almost dead.
The adder completely misses you. The adder bites you.
You are poisoned.
The adder poisons you!
You shoot an arrow. The arrow hits the adder.
You kill the adder!
You feel sick.
The orc hits you from afar with a +0 trident!
The orc completely misses you.
You shoot an arrow. The arrow completely misses the orc.
You feel sick.
The orc hits you from afar with a +0 trident.
You shoot an arrow. The arrow barely misses the orc.
You feel sick. The orc misses you. The orc completely misses you.
You shoot an arrow.
The arrow hits the orc but does no damage.
You feel sick. The orc hits you but does no damage.
The orc completely misses you.
You shoot an arrow.
The arrow hits the orc but does no damage.
You feel sick.
You are no longer poisoned.
The orc barely misses you. The orc closely misses you.
You shoot an arrow.
The arrow hits the orc but does no damage.
The orc barely misses you. The orc closely misses you.
You shoot an arrow. The arrow closely misses the orc.
The arrow hits the orc but does no damage.
The orc barely misses you. The orc closely misses you.
You shoot an arrow. The arrow hits the orc.
The orc is heavily wounded.
A hound comes into view.
The orc hits you from afar with a +0 trident.
The orc misses you. x2
The orc hits you from afar with a +0 trident!
You die...

.........# #.#
#.# #####.#.##
#.# #.#
#.#.####h###.#
# #..........#
######.#####
#.# #.# #.#
#@# #o#


oo# ..## #.# #. #. . You could see a hound (wandering) and 3 orcs.

Vanquished Creatures
  A scorpion (D:4)
  3 adders
  A ribbon worm (D:3)
  2 orcs (D:4)
  5 ball pythons
  4 endoplasms
  9 goblins
  8 hobgoblins
  4 kobolds
  4 quokkas (D:2)
  7 bats
  2 frilled lizards
  6 rats
56 creatures vanquished.

Notes
Turn   | Place    | Note
-------+----------+-------------------------------------------
     0 | D:1      | qw the Spriggan Hunter began the quest for the Orb.
     0 | D:1      | Reached XP level 1. HP: 10/10 MP: 2/2
     0 | D:1      | 0 ||| qw: Version: 0.3-a-155-g5e7d8dd
     0 | D:1      | 0 ||| qw: Game counter: 536
     0 | D:1      | 0 ||| qw: Melee chars always use a shield: true
     0 | D:1      | 0 ||| qw: God list: Okawaru
     0 | D:1      | 0 ||| qw: Allow faded altars: false
     0 | D:1      | 0 ||| qw: Do Orc after clearing Dungeon:15 true
     0 | D:1      | 0 ||| qw: Do second Lair branch before Depths: true
     0 | D:1      | 0 ||| qw: Lair rune preference: random
     0 | D:1      | 0 ||| qw: Goals: Normal
     0 | D:1      | 0 ||| PLANNING D:1-11
    71 | D:1      | Reached skill level 3 in Dodging
   139 | D:1      | Reached XP level 2. HP: 14/14 MP: 3/3
   340 | D:1      | Found Agim's Jewellery Shop.
   345 | D:1      | 345 ||| SHOPLISTING +4 ring of protection (504 gold, have
                  | 78).
   345 | D:1      | 345 ||| SHOPLISTING +6 ring of dexterity (504 gold, have
                  | 78).
   345 | D:1      | 345 ||| SHOPLISTING amulet of faith (560 gold, have 78).
   345 | D:1      | 345 ||| SHOPLISTING amulet of regeneration (420 gold, have
                  | 78).
   345 | D:1      | 345 ||| SHOPLISTING ring "Tut Xot" {rPois rC+ rN+ Will+
                  | MP+9} (672 gold, have 78).
   345 | D:1      | 345 ||| SHOPLISTING ring of willpower (350 gold, have 78).
   558 | D:1      | 558 ||| READING 2 scrolls labelled KUODIGUNULL.
   558 | D:1      | 558 ||| IDENTIFYING fizzy golden potion
   559 | D:1      | 559 ||| DROPPING scroll of butterflies.
   592 | D:2      | 592 ||| STAIRDANCE
   680 | D:2      | Reached XP level 3. HP: 18/18 MP: 4/4
  1033 | D:2      | 1033 ||| READING 2 scrolls of identify.
  1033 | D:2      | 1033 ||| IDENTIFYING lumpy yellow potion
  1034 | D:2      | 1034 ||| READING scroll of identify.
  1034 | D:2      | 1034 ||| IDENTIFYING sapphire potion
  1035 | D:2      | 1035 ||| READING scroll labelled CINYAH ERPHEIR.
  1036 | D:2      | 1036 ||| READING scroll labelled OGUURA ZEOW.
  1037 | D:2      | 1037 ||| DRINKING 2 amethyst potions.
  1038 | D:2      | 1038 ||| DROPPING potion of attraction.
  1040 | D:2      | 1040 ||| Stepping ~*~*~tactically~*~*~ (cloud).
  1047 | D:2      | HP: 4/18 [poisoned by you (poison gas)]
  1149 | D:3      | 1149 ||| STAIRDANCE
  1385 | D:3      | Found the +16 obsidian axe {drain, demonic, Mesm ^Drain Fly
                  | SInv}
  1598 | D:3      | Reached XP level 4. HP: 22/22 MP: 5/5
  1904 | D:3      | 1904 ||| READING scroll labelled ZUCU CESADUY.
  1994 | D:4      | Noticed a scorpion
  1999 | D:4      | HP: 5/22 [scorpion (5)]
  2002 | D:4      | Killed a scorpion
  2078 | D:4      | Found a stormy altar of Qazlal.
  2145 | D:4      | Reached XP level 5. HP: 25/25 MP: 6/6
  2161 | D:4      | Slain by an orc

Levels and vault maps discovered:
D:1:      nzn_arrival_depleted_hourglass, layout_rooms, serial_shops,
          nicolae_shop_statue_plus, minmay_box_of_dots
D:2:      layout_rooms
D:3:      layout_basic, chequers_serial_rivers_marsh
D:4:      layout_basic, mainiacjoe_overflow_six_doors_small, minmay_bent,
          uniq_edmund

Skill      XL: |  1  2  3  4 |
---------------+-------------+-----
Dodging        | 3 4 5 |  5.5
Ranged Weapons | 5 |  5.0
Fighting       | |  1.8
Stealth        | |  1.5

Action                     |  1- 3 |  4- 6 || total
---------------------------+-------+-------++-------
   Fire: Shortbow          |   115 |    46 ||   161
    Use: Scroll            |     5 |     1 ||     6
         Potion            |     1 |       ||     1
 Armour: Robe              |     9 |    13 ||    22
  Dodge: Dodged            |    47 |    26 ||    73

Table legend:
 A = Non-vault XP
 B = Vault XP
 C = Vault XP percentage of total XP
 D = Non-vault monster count
 E = Vault monster count
 F = Vault count percentage of total count
                 A         B        C        D         E       F
            +---------+---------+-------+---------+---------+-------
      Total |     207 |       5 |   2.4 |      53 |       3 |   5.4
            +---------+---------+-------+---------+---------+-------
        D:1 |      20 |       5 |  20.0 |      12 |       3 |  20.0
        D:2 |      36 |       0 |   0.0 |      15 |       0 |   0.0
        D:3 |      44 |       0 |   0.0 |      19 |       0 |   0.0
        D:4 |     107 |       0 |   0.0 |       7 |       0 |   0.0
            +---------+---------+-------+---------+---------+-------
